 Dungeon Crawl Stone Soup version 0.30-a0-374-g95c0257040 (webtiles) character file.

Game seed: 1525741129919602170

1190 Shayle the Storyteller (level 8, -6/50 (54) HPs)
             Began as a Demonspawn Reaver on Nov 27, 2022.
             Was a Believer of Hepliaklqana.
             Mangled by a wight
             ... wielding a +0 great sword
              (9 damage)
             ... on level 6 of the Dungeon.
             The game lasted 00:08:45 (4423 turns).

Shayle the Storyteller (Demonspawn Reaver)          Turns: 4423, Time: 00:08:45

HP:   -6/50 (54)    AC:  3    Str: 18    XL:     8   Next: 19%
MP:   13/13         EV: 12    Int: 17    God:    Hepliaklqana [**....]
Gold: 270           SH:  5    Dex: 12    Spells: 10/11 levels left

rFire   . . .      SeeInvis .    k - +2 falchion (elec)
rCold   . . .      Faith    .    (no shield)
rNeg    . . .      Spirit   .    b - +0 leather armour
rPois   .          Reflect  +    (no helmet)
rElec   .          Harm     .    (no cloak)
rCorr   +          Rampage  .    (no gloves)
Will    .....                    (no boots)
Stlth   +++.......               C - amulet of reflection
HPRegen 0.28/turn                x - +6 ring of strength
MPRegen 0.13/turn                A - ring of resist corrosion

@: mighty, drained
A: reduced essence, foul stench 2, sturdy frame 2
a: Renounce Religion, Recall Ancestor, Ancestor Identity


You were on level 6 of the Dungeon.
You worshipped Hepliaklqana.
Hepliaklqana was pleased with you.
You visited 2 branches of the dungeon, and saw 7 of its levels.

You collected 319 gold pieces.
You spent 49 gold pieces at shops.

Inventory:

Hand Weapons
 a - a +0 hand axe
 k - a +2 falchion of electrocution (weapon)
Armour
 b - a +0 leather armour (worn)
Jewellery
 c - an amulet of the acrobat
 e - an amulet of guardian spirit
 x - a +6 ring of strength (left hand)
 A - a ring of resist corrosion (right hand)
 C - an amulet of reflection (around neck)
Wands
 q - a wand of charming (8)
 s - a wand of flame (5)
 z - a wand of iceblast (12)
Scrolls
 d - a scroll of noise {unknown}
 g - a scroll of blinking {unknown}
 j - 2 scrolls of teleportation {unknown}
 n - a scroll of vulnerability {unknown}
 o - a scroll of enchant armour {unknown}
 u - a scroll of poison {unknown}
 y - a scroll of enchant weapon {unknown}
 B - a scroll of brand weapon {unknown}
Potions
 f - 4 potions of might
 h - 2 potions of curing
 i - 4 potions of flight
 l - a potion of haste {unknown}
 m - a potion of heal wounds
 p - a potion of ambrosia {unknown}
 r - a potion of cancellation {unknown}
 t - a potion of resistance
 v - a potion of berserk rage {unknown}
 w - a potion of attraction {unknown}


   Skills:
 + Level 4.8 Fighting
 - Level 2.6 Axes
 + Level 3.8 Armour
 - Level 1.7 Dodging
 + Level 4.3 Stealth
 - Level 2.0 Spellcasting
 - Level 3.0 Conjurations
 * Level 7.5 Invocations


You had 10 spell levels left.
You knew the following spells:

 Your Spells              Type           Power      Damage    Failure   Level
a - Kiss of Death         Conj/Necr      24%        2d7       11%         1

Your spell library contained the following spells:

 Spells                   Type           Power      Damage    Failure   Level
 Momentum Strike          Conj/Tloc      12%        3d8       16%         2
 Freeze                   Ice            4%         1d3       19%         1
 Sting                    Tmut/Pois      4%         1d3       19%         1
 Poisonous Vapours        Pois/Air       2%         N/A       28%         2
 Hailstorm                Conj/Ice       6%         3d4       30%         3
 Frozen Ramparts          Ice            2%         1d1       50%         3
 Cause Fear               Hex            0%         N/A       88%         4
 Olgreb's Toxic Radiance  Pois           1%         N/A       88%         4
 Dragon Form              Tmut           0%         N/A       100%        7
 Dragon's Call            Summ           0%         N/A       100%        9


Dungeon Overview and Level Annotations

Branches:
Dungeon (6/15)             Temple (1/1) D:5

Altars:
Hepliaklqana
Yredelemnul

Shops:
D:4 *

Annotations:
D:5 3 runed translucent doors, olddryhag's ghost, amateur DsGl


Innate Abilities, Weirdness & Mutations

Your life essence is reduced to manifest your ancestor. (-10% HP)
You sometimes emit foul miasma when damaged in melee.
Your movements are less encumbered by armour. (ER -4)


Message History

The wight hits you with a +0 great sword.
You emit a cloud of foul miasma!
You feel very mighty all of a sudden. The wight misses you.
You hit the wight but do no damage. Lightning courses through the wight!
The wight is almost destroyed.
You slash the wight! Lightning courses through the wight!
You destroy the wight!
Audrea hits the wight with a +0 dagger of draining.
Audrea hits the wight with a +0 dagger of draining!
You barely miss the wight.
The wight is severely damaged.
The wight barely misses you.
The wight hits you with a +0 great sword!
You feel drained.
Audrea hits the wight with a +0 dagger of draining.
You closely miss the wight.
The wight is severely damaged.
Audrea closely misses the wight.
The wight hits you with a +0 great sword!
You feel drained.
The wight hits Audrea with a +3 dagger of freezing.
Audrea hits the wight with a +0 dagger of draining.
You slash the wight!
You destroy the wight!
Audrea hits the wight with a +0 dagger of draining.
The wight hits Audrea with a +3 dagger of freezing!
The wight freezes Audrea.
Audrea hits the wight but does no damage.
Audrea casts a spell at the wight.
The wight seems to slow down.
You slash the wight!
The wight is severely damaged.
The wight hits you with a +0 great sword!
* * * LOW HITPOINT WARNING * * *
You feel drained.
The wight hits Audrea with a +3 dagger of freezing!
The wight freezes Audrea.
Audrea closely misses the wight.
The wight hits you with a +0 great sword!
You die...

#. #......#.#
###.#...#
#.###############.#
#.......#
#.................#
#.#^#####
#.........#########
#.#... #.........#
#.##### #.........#
#.# #.#.#...### #.# #
#
#...###############.#
#...........@z.zR...#
#...##############..#
#...# #..#
#...####### #z.#
#.......... ...z.
#.......... ........
# #..........
.......R..# #
#..........
..........# #
#..........
..........#


You could see the friendly Audrea the hexer and 2 wights.

Vanquished Creatures
  A water moccasin (D:4)
  A black bear (D:3)
  A sky beast (D:6)
  2 ogres
  A centaur (D:5)
  A scorpion (D:4)
  2 wights (D:6)
  A jelly (D:6)
  An orc priest (D:4)
  Jessica (D:3)
  2 iguanas
  Ijyb (D:3)
  An orc wizard (D:4)
  2 adders
  An adder zombie (D:4)
  4 dart slugs
  A worm (D:2)
  6 orcs
  4 bats
  5 endoplasms
  3 giant cockroaches
  4 goblins
  A hobgoblin (D:1)
  4 jackals
  11 kobolds
  5 quokkas
  7 ball pythons
  A quokka zombie (D:4)
  8 rats
83 creatures vanquished.

Vanquished Creatures (collateral kills)
  A phantom (D:6)
  A kobold brigand (D:6)
  A hound (D:4)
  An iguana (D:5)
  A dart slug (D:4)
  An orc (D:4)
  An endoplasm (D:4)
  A hobgoblin (D:4)
  A kobold (D:6)
  A goblin (D:4)
10 creatures vanquished.

Grand Total: 93 creatures vanquished

Notes
Turn   | Place    | Note
-------+----------+-------------------------------------------
     0 | D:1      | Shayle the Demonspawn Reaver began the quest for the Orb.
     0 | D:1      | Reached XP level 1. HP: 16/16 MP: 3/3
   209 | D:1      | Gained mutation: You may rarely emit foul miasma when
                  | damaged in melee. [demonic ancestry]
   209 | D:1      | Reached XP level 2. HP: 11/22 MP: 5/5
   304 | D:1      | Reached skill level 1 in Stealth
   370 | D:1      | Reached skill level 1 in Armour
   700 | D:2      | Gained mutation: Your movements are slightly less
                  | encumbered by armour. (ER -2) [demonic ancestry]
   700 | D:2      | Reached XP level 3. HP: 28/28 MP: 6/6
   838 | D:2      | Found a hazy altar of Hepliaklqana.
   864 | D:2      | Became a worshipper of Hepliaklqana the Forgotten
  1416 | D:3      | Noticed Jessica
  1421 | D:3      | Killed Jessica
  1422 | D:3      | Reached skill level 1 in Invocations
  1422 | D:3      | Gained mutation: Your movements are less encumbered by
                  | armour. (ER -4) [demonic ancestry]
  1422 | D:3      | Reached XP level 4. HP: 27/34 MP: 5/7
  1428 | D:3      | Reached skill level 2 in Invocations
  1661 | D:3      | Reached * piety under Hepliaklqana
  1804 | D:3      | Noticed Ijyb
  1811 | D:3      | Killed Ijyb
  2276 | D:4      | Noticed a black bear
  2284 | D:3      | Gained mutation: You sometimes emit foul miasma when
                  | damaged in melee. [demonic ancestry]
  2284 | D:3      | Reached XP level 5. HP: 34/36 MP: 6/8
  2301 | D:3      | Killed a black bear
  2302 | D:3      | Reached skill level 3 in Invocations
  2328 | D:4      | Reached skill level 4 in Invocations
  2328 | D:4      | Reached XP level 6. HP: 36/42 MP: 7/9
  2486 | D:4      | Identified the +0 cloak of Ejufit {-Cast rElec Will+++
                  | Stlth+}
  2493 | D:4      | Found Kubailur's Elemental Accessories.
  2501 | D:4      | Bought a wand of flame (5) for 49 gold pieces
  2528 | D:4      | Found a basalt altar of Yredelemnul.
  2559 | D:4      | Noticed a water moccasin
  2568 | D:4      | Killed a water moccasin
  2569 | D:4      | Reached skill level 5 in Invocations
  2718 | D:4      | Reached XP level 7. HP: 45/47 MP: 8/11
  3331 | D:5      | Entered Level 5 of the Dungeon
  3334 | D:5      | Found a runed translucent gate.
  3335 | D:5      | Found a runed translucent gate.
  3337 | D:5      | Found a runed translucent gate.
  3348 | D:5      | Reached skill level 6 in Invocations
  3702 | D:5      | Noticed olddryhag's ghost (amateur DsGl)
  3883 | D:5      | Found a staircase to the Ecumenical Temple.
  3887 | D:5      | Reached ** piety under Hepliaklqana
  3888 | D:5      | Remembered your ancestor Audrea as a hexer
  3981 | Temple   | Entered the Ecumenical Temple
  4345 | D:6      | Reached skill level 7 in Invocations
  4345 | D:6      | Reached XP level 8. HP: 42/54 MP: 13/13
  4423 | D:6      | Mangled by a wight

Illustrated notes

Levels and vault maps discovered:
D:1:      dpeg_arrival_water_fire, layout_basic
D:2:      layout_loops_ring, basic_altar
D:3:      layout_loops_ring, grunt_ministairs_4, uniq_ijyb, uniq_jessica
D:4:      layout_loops_ring, lemuel_zombie_altar_yredelemnul,
          nicolae_elemental_shop, kennysheep_orc_chapel
D:5:      nicolae_cairo_tiling, layout_loops_ring, temple_fountains,
          ebering_ghost_rock_garden
D:6:      layout_basic, minmay_fire_ice_demons
Temple:   mainiacjoe_temple_big_plus

Skill      XL: |  1  2  3  4  5  6  7 |
---------------+----------------------+-----
Stealth        | 1 2 3 4 |  4.3
Armour         | 1 2 3 |  3.8
Invocations    | 1 2 4 5 7 |  7.5
Fighting       | 3 4 |  4.8
Axes           | |  2.6
Dodging        | |  1.7
Spellcasting   | |  2.0
Conjurations   | |  3.0

Action                   |  1- 3 |  4- 6 |  7- 9 || total
-------------------------+-------+-------+-------++-------
Melee: Hand axe          |    60 |       |       ||    60
       Falchion          |    28 |    64 |    67 ||   159
       Punch             |     1 |     1 |     1 ||     3
Invok: Ancestor Life: He |       |       |     1 ||     1
  Use: Scroll            |       |     4 |       ||     4
       Potion            |       |     2 |     2 ||     4
 Stab: Sleeping          |     2 |     1 |     2 ||     5
       Distracted        |       |       |     1 ||     1
Armor: Leather armour    |    20 |    23 |    12 ||    55
Dodge: Dodged            |    62 |    59 |    40 ||   161
Block: Other             |       |       |     2 ||     2

Table legend: (Time is in decaauts)
 A = Elapsed time spent in this place.
 B = Non-inter-level travel time spent in this place.
 C = Inter-level travel time spent in this place.
 D = Time resting spent in this place.
 E = Time spent auto-exploring this place.
 F = Levels seen in this place.
 G = Mean time per level.
                   A        B        C        D        E       F      G
               +--------+--------+--------+--------+--------+-----+--------+
         Total |   4481 |   4294 |    187 |    171 |   3195 |   7 |  640.1 |
       Dungeon |   4479 |   4292 |    187 |    171 |   3195 |   6 |  746.5 |
        Temple |      1 |      1 |      0 |      0 |      0 |   1 |    1.0 |
               +--------+--------+--------+--------+--------+-----+--------+

Top non-repeatable levels by time:
     D:3: 1040 daAuts
     D:4: 910 daAuts
     D:5: 802 daAuts
     D:2: 746 daAuts
     D:1: 681 daAuts
     D:6: 298 daAuts
  Temple: 1 daAuts
